 Dungeon Crawl Stone Soup version 0.28-a0-384-g9e0c098162 (webtiles) character file.

Game seed: 13912657468833311318

93 aSlayers the Skirmisher (level 4, 0/33 HPs)
             Began as an Octopode Abyssal Knight on Aug 30, 2021.
             Was a Believer of Lugonu.
             Killed by divine providence
             ... invoked by an orc priest
              (10 damage)
             ... on level 3 of the Dungeon on Sept 2, 2021.
             The game lasted 00:04:54 (1825 turns).

aSlayers the Skirmisher (Octopode Abyssal Knight)   Turns: 1825, Time: 00:04:55

Health: 0/33       AC:  1    Str: 12    XL:     4   Next: 61%
Magic:  5/5        EV: 13    Int: 14    God:    Lugonu [**....]
Gold:   91         SH:  0    Dex: 11    Spells: 2/3 levels left

rFire   x . .      SeeInvis .   a - +1 spear
rCold   + . .      Faith    .   (no shield)
rNeg    . . .      Spirit   .   (helmet restricted)
rPois   .          Reflect  .   (no amulet)
rElec   .          Harm     .   f - ring of ice
rCorr   .          Rampage  .   (no ring)
Will    .....                   (no ring)
Stlth   +++.......              (no ring)
HPRegen 0.11/turn               (no ring)
MPRegen 0.09/turn               (no ring)
                                (no ring)
                                (no ring)

@: about to teleport
A: almost no armour, amphibious, 8 rings, camouflage 1, gelatinous body 1,
(nimble swimmer 1), tentacles
a: Renounce Religion, Depart the Abyss, Bend Space


You were on level 3 of the Dungeon.
You worshipped Lugonu.
Lugonu was pleased with you.
You visited 1 branch of the dungeon, and saw 3 of its levels.
You visited the Abyss 1 time.

You collected 91 gold pieces.

Inventory:

Hand Weapons
 a - a +1 spear (weapon)
Jewellery
 f - a ring of ice (left tentacle)
Scrolls
 c - 2 scrolls of fear
 g - a scroll of teleportation
Potions
 b - a potion of invisibility {unknown}
 d - 2 potions of haste
 e - a potion of flight {unknown}
 h - a potion of curing {unknown}


   Skills:
 + Level 3.9 Fighting
 + Level 2.8 Polearms
 + Level 2.7 Dodging
 + Level 2.6 Stealth
 + Level 0.1 Spellcasting
 + Level 2.1 Invocations


You had 2 spell levels left.
You knew the following spells:

 Your Spells              Type           Power      Damage    Failure   Level
a - Summon Small Mammal   Summ           0%         N/A       28%         1

Your spell library contained the following spells:

 Spells                   Type           Power      Damage    Failure   Level
 Call Canine Familiar     Summ           0%         N/A       65%         3
 Summon Guardian Golem    Hex/Summ       0%         N/A       65%         3


Dungeon Overview and Level Annotations

Branches:
Dungeon (3/15)

Altars:

Shops:
D:1 ?


Innate Abilities, Weirdness & Mutations

You cannot wear most types of armour.
You are amphibious.
You can wear up to eight rings at the same time.
Your skin changes colour to match your surroundings (Stealth+).
Your rubbery body absorbs attacks. (AC +1, EV +1)
((You are camouflaged near water. (Stealth+)))
You have tentacles for arms and can constrict up to eight enemies at once.


Message History

You grab the orc priest. You constrict the orc priest.
The orc priest struggles to escape constriction.
You hit the orc priest.
You squeeze the orc priest, but do no damage.
The orc priest is moderately wounded.
You constrict the orc priest. The orc priest closely misses you.
You hit the orc priest but do no damage.
You squeeze the orc priest, but do no damage.
The orc priest is heavily wounded.
You constrict the orc priest. The orc priest misses you.
You hit the orc priest. Your squeeze misses the orc priest.
The orc priest is severely wounded.
You constrict the orc priest.
The orc priest invokes the aid of Beogh against you.
Beogh smites you!
The orc priest miscasts a cantrip.
The orc priest struggles to escape constriction.
You puncture the orc priest!
You kill the orc priest!
Lugonu accepts your kill.
Unknown command.
You closely miss the orc priest. Your grab misses the orc priest.
You hit the orc priest but do no damage.
Your grab misses the orc priest.
The orc priest hits you with a +0 dagger.
The orc priest hits you with a +0 club.
You hit the orc priest but do no damage.
You grab the orc priest.
You squeeze the orc priest, but do no damage.
You constrict the orc priest, but do no damage.
The orc priest barely misses you. The orc priest hits you with a +0 club.
You release your grip on the orc priest.
Items here: )) ††.
As you read the scroll of teleportation, it crumbles to dust.
You feel strangely unstable.
The orc priest hits you with a +0 dagger.
The orc priest misses you.
The orc priest calls down the wrath of Beogh upon you.
Beogh smites you!
You die...

....
.#....##...#.##.....#.#
####
.#....................#
#
#.....#.##..#.#(#....###
##### #.##..#.#.#....#
..##..>.#.#....#
.####...##.######
..####.......#
##........##..#
#.#####@.##... #...# .
#o#.# #oo.#
......)........
......#..####..
......#... ..... #...#
..... #...#


You could see 2 orc priests and an orc.

Vanquished Creatures
  An orc priest (D:3)
  2 adders (D:2)
  A worm (D:2)
  An orc (D:3)
  5 ball pythons
  4 endoplasms
  3 giant cockroaches
  4 goblins
  5 hobgoblins
  6 kobolds
  A quokka (D:3)
  4 bats
  2 rats
39 creatures vanquished.

Notes
Turn   | Place    | Note
-------+----------+-------------------------------------------
     0 | Abyss:1  | aSlayers the Octopode Abyssal Knight began the quest for
                  | the Orb.
     0 | Abyss:1  | Reached XP level 1. HP: 16/16 MP: 2/2
    32 | Abyss:1  | Found a corrupted altar of Lugonu.
    70 | Abyss:1  | Noticed a chaos spawn
    71 | D:1      | Escaped the Abyss
   366 | D:1      | Reached XP level 2. HP: 21/21 MP: 3/3
   427 | D:1      | Reached * piety under Lugonu
   509 | D:1      | Found Joymenunt's Magic Scroll Shop.
   584 | D:1      | You fall into a shaft and drop 1 floor!
   686 | D:2      | Found a faded altar of an unknown god.
   786 | D:2      | Learned a level 1 spell: Summon Small Mammal
  1002 | D:2      | Reached XP level 3. HP: 10/27 MP: 2/4
  1006 | D:2      | Upgraded the game from 0.28-a0-312-gbced6e68ee to
                  | 0.28-a0-384-g9e0c098162
  1269 | D:2      | Reached skill level 1 in Stealth
  1638 | D:3      | Reached ** piety under Lugonu
  1647 | D:3      | Reached XP level 4. HP: 31/33 MP: 5/5
  1825 | D:3      | Killed from afar by an orc priest

Illustrated notes

Levels and vault maps discovered:
D:1:      lemuel_arrival_river_passageway, layout_basic, serial_shops, shop
D:2:      layout_loops_ring, ebering_ecumenical_altar_sacrificial,
          minmay_tetromino_l4
D:3:      cheibrodos_pilgrimage, layout_basic

Skill      XL: |  1  2  3  4 |
---------------+-------------+-----
Stealth        | 1 2 |  2.6
Fighting       | |  3.9
Polearms       | |  2.8
Dodging        | |  2.7
Spellcasting   | |  0.1
Invocations    | |  2.1

Action                   |  1- 3 |  4- 6 || total
-------------------------+-------+-------++-------
Melee: Spear             |    77 |    22 ||    99
       Constrict         |    16 |     6 ||    22
       Tentacles         |     8 |     5 ||    13
 Cast: Summon Small Mamm |     2 |       ||     2
Invok: Depart the Abyss  |     1 |       ||     1
  Use: Scroll            |     6 |     1 ||     7
 Stab: Sleeping          |    10 |     1 ||    11
Armor: Skin              |     2 |       ||     2
Dodge: Dodged            |    32 |     9 ||    41

Table legend: (Time is in decaauts)
 A = Elapsed time spent in this place.
 B = Non-inter-level travel time spent in this place.
 C = Inter-level travel time spent in this place.
 D = Time resting spent in this place.
 E = Time spent auto-exploring this place.
 F = Levels seen in this place.
 G = Mean time per level.
                   A        B        C        D        E       F      G
               +--------+--------+--------+--------+--------+-----+--------+
         Total |   1821 |   1821 |      0 |      0 |   1465 |   4 |  455.2 |
       Dungeon |   1750 |   1750 |      0 |      0 |   1399 |   3 |  583.3 |
         Abyss |     71 |     71 |      0 |      0 |     66 |   1 |   71.0 |
               +--------+--------+--------+--------+--------+-----+--------+

Top non-repeatable levels by time:
     D:2: 955 daAuts
     D:1: 512 daAuts
     D:3: 282 daAuts
 Abyss:1: 71 daAuts
